 Dungeon Crawl Stone Soup version 0.17-a0-1115-g0372368 (webtiles) character file.

19620 HeyJoe the Severer (level 12, 0/116 HPs)
             Began as a Deep Dwarf Berserker on May 22, 2015.
             Was an Elder of Trog.
             Slain by a wolf spider simulacrum (24 damage)
             ... in an ice cave.
             The game lasted 00:54:23 (10668 turns).

HeyJoe the Severer (Deep Dwarf Berserker)          Turns: 10668, Time: 00:54:23

Health: 0/116      AC: 15    Str: 27    XL:     12   Next: 38%
Magic:  12/12      EV: 13    Int:  9    God:    Trog [****..]
Gold:   551        SH:  5    Dex: 10    Spells: 0 memorised, 11 levels left

rFire  . . .     SeeInvis .     b - +1 hand axe (flame)
rCold  . . .     Clarity  .     G - +0 ring mail of Ugiyg {Slay+3} (curse)
rNeg   . . .     SustAt   .     k - +1 buckler
rPois  +         Gourm    .     (no helmet)
rElec  .         Spirit   .     K - +3 cloak "Dekiule" {+Fly rPois Str+2 Dex-2}
rCorr  .         Warding  .     J - +2 pair of gloves
rMut   .         Stasis   .     (no boots)
MR     +....                    l - amulet of faith
Stlth  ..........               o - ring of poison resistance
                                B - +2 ring of evasion

@: non-regenerating, somewhat resistant to hostile enchantments, extremely
unstealthy
A: damage resistance, recharge devices, blink 1, mutation resistance 1, sense
surroundings 2, slow healing 3
a: Device Recharging, Blink, Burn Spellbooks, Berserk, Trog's Hand, Brothers in
Arms, Renounce Religion, Evoke Flight


You were in an ice cave.
You worshipped Trog.
Trog was greatly pleased with you.
You were not hungry.

You visited 3 branches of the dungeon, and saw 14 of its levels.
You also visited: Ice Cave.

You collected 551 gold pieces.

Inventory:

Hand weapons
 a - a +3 hand axe of chopping
 b - a +1 hand axe of flaming (weapon)
Armour
 k - a +1 buckler (worn)
 G - the cursed +0 ring mail of Ugiyg (worn) {Slay+3}
   (You found it on level 9 of the Dungeon)

   It affects your accuracy and damage with ranged weapons and melee attacks
   (+3).
   It has a curse placed upon it.
 J - a +2 pair of gloves (worn)
 K - the +3 cloak "Dekiule" (worn) {+Fly rPois Str+2 Dex-2}
   (You found it on level 3 of the Lair of Beasts)

   It affects your strength (+2).
   It affects your dexterity (-2).
   It protects you from poison.
   It lets you fly.
Jewellery
 g - an uncursed amulet of clarity
 l - an amulet of faith (around neck)
 o - a ring of poison resistance (right hand)
 B - a +2 ring of evasion (left hand)
Magical devices
 c - a wand of heal wounds (3)
 z - a wand of random effects (37)
 A - a wand of fireball (5)
 F - a wand of disintegration (8)
 L - a wand of confusion (28)
Scrolls
 e - a scroll of enchant weapon
 f - 3 scrolls of teleportation
 m - a scroll of summoning
 q - 2 scrolls of identify
 r - a scroll of magic mapping
 x - a scroll of fog
 y - 5 scrolls of enchant armour
 C - a scroll of blinking
 E - a scroll of fear
Potions
 w - a potion of cure mutation
 D - a potion of flight
 H - a potion of agility
 I - 2 potions of haste
Miscellaneous
 i - a fan of gales
Comestibles
 d - 8 bread rations
 h - 4 beef jerkies
 j - a slice of pizza
 p - 9 royal jellies
 s - a meat ration
 v - 2 fruits


   Skills:
 - Level 10.0 Fighting
 + Level 15.8 Axes
 - Level 10.0 Armour
 - Level 2.1 Dodging
 - Level 4.1 Shields


You had 11 spell levels left.
You didn't know any spells.

Dungeon Overview and Level Annotations

Branches:
Dungeon (9/15)             Temple (1/1) D:5            Lair (4/8) D:9
 Shoals (0/4) Lair:3
  Snake: Lair:3-6    Spider: Lair:3-6       Orc: D:9-12

Altars:
Ashenzari
Cheibriados
Dithmenos
Elyvilon
Fedhas
Gozag
Kikubaaqudgha
Makhleb
Nemelex Xobeh
Okawaru
Qazlal
Ru
Sif Muna
Trog
Vehumet
Xom
Yredelemnul
Zin
The Shining One


Innate Abilities, Weirdness & Mutations

You are resistant to damage.
You can recharge devices by infusing magical energy.
You passively map the area around you.
You do not heal naturally.
You can translocate small distances at will.
You are somewhat resistant to further mutation.


Message History

The swamp dragon simulacrum freezes you!!
* * * LOW HITPOINT WARNING * * *
The swamp dragon simulacrum claws you.
The swamp dragon simulacrum freezes you!!
* * * LOW HITPOINT WARNING * * *
You block the swamp dragon simulacrum's attack.
Drink which item? (? for menu, Esc to quit)
Okay, then.
Evoke which item? (* to show all) (? for menu, Esc to quit)
Zapping:
c - a wand of heal wounds (4)
Press: ? - help, Shift-Dir - straight line, f - you You feel much better.
This wand has 3 charges left.
The wolf spider simulacrum hits you but does no damage.
The wolf spider simulacrum bites you but does no damage.
The wolf simulacrum barely misses you.
The death yak simulacrum gores you but does no damage.
The wolf spider simulacrum hits you!
* * * LOW HITPOINT WARNING * * *
The wolf spider simulacrum freezes you!!
You die...

≈ * * ≈ *
##### ** *
##...## *
,,
*##..∩..##
** ,
≈*#.......#
* * ≈
#...∩...#
*, **
*##.....##
** *##.Z.##
#Z@Z# , ,
≈≈ ##Z..#
,, , , ≈*
#...# , *
...## ,, ,
..## * , ≈
*..## * * ,
*#. ** , ≈
##,,* , , *
,,


You could see a wolf simulacrum, a death yak simulacrum, a swamp dragon
simulacrum and a wolf spider simulacrum.

Vanquished Creatures
  3 hydras
  The ghost of Baka the Blocker, an experienced GrFi of Okawaru (D:8)
  An oklob plant (Lair:3)
  A siren (Lair:3)
  Joseph (D:8)
  A torpor snail (Lair:3)
  6 spiny frogs
  6 komodo dragons
  A fire drake (Lair:3)
  3 merfolk (Lair:3)
  13 blink frogs
  A deep elf mage (D:9)
  A wyvern (D:6)
  9 yaks
  3 hungry ghosts
  5 hippogriffs
  4 porcupines (Lair:1)
  3 orc warriors
  A swamp drake (D:9)
  6 water moccasins
  3 ice beasts
  A sky beast (D:8)
  An eye of draining (D:9)
  3 ogres
  A phantom (D:9)
  7 centaurs
  A necrophage (D:8)
  9 crocodiles
  2 giant frogs
  2 big kobolds (D:9)
  3 scorpions
  11 killer bees
  8 hounds
  7 orc priests
  A crimson imp (D:9)
  A centaur zombie (D:9)
  8 orc wizards
  8 iguanas
  A giant frog skeleton (D:5)
  6 jellies
  Jessica (D:3)
  Terence (D:2)
  A quasit (D:9)
  7 worker ants
  11 gnolls
  11 adders
  A worker ant zombie (D:8)
  29 river rats
  2 shadow imps
  6 oozes
  A worm (D:5)
  An adder skeleton (D:8)
  8 giant geckos
  40 orcs
  14 bats
  A bat skeleton (D:7)
  2 bat zombies (D:5)
  5 giant cockroaches
  23 hobgoblins
  9 jackals
  A quokka (D:2)
  2 ball pythons
  3 giant newts
  10 goblins
  21 kobolds
  A quokka skeleton (D:6)
  16 rats
  A butterfly (Lair:2)
  4 fungi
387 creatures vanquished.

Vanquished Creatures (others)
  A fungus (Lair:2)
1 creature vanquished.

Grand Total: 388 creatures vanquished

Notes
Turn   | Place    | Note
--------------------------------------------------------------
     0 | D:1      | HeyJoe the Deep Dwarf Berserker began the quest for the Orb.
     0 | D:1      | Reached XP level 1. HP: 20/20 MP: 1/1
   128 | D:1      | Reached XP level 2. HP: 10/27 MP: 2/2
   187 | D:1      | Reached skill level 4 in Axes
   547 | D:2      | Noticed Terence
   552 | D:2      | Killed Terence
   552 | D:2      | Reached skill level 1 in Shields
   552 | D:2      | Reached XP level 3. HP: 12/33 MP: 3/3
   706 | D:2      | Acquired Trog's second power
   725 | D:2      | Reached XP level 4. HP: 15/40 MP: 4/4
   833 | D:2      | Found a radiant altar of Vehumet.
   982 | D:2      | Reached skill level 5 in Axes
  1054 | D:3      | Noticed Jessica
  1056 | D:3      | Reached XP level 5. HP: 46/46 MP: 5/5
  1068 | D:3      | Killed Jessica
  1222 | D:3      | Reached XP level 6. HP: 21/55 MP: 6/6
  1459 | D:4      | Reached skill level 6 in Axes
  1819 | D:4      | Reached skill level 7 in Axes
  2017 | D:4      | Reached XP level 7. HP: 46/61 MP: 7/7
  2194 | D:4      | Reached skill level 8 in Axes
  2399 | D:4      | Acquired Trog's third power
  2507 | D:5      | Entered Level 5 of the Dungeon
  2556 | D:5      | Reached skill level 9 in Axes
  2739 | D:5      | Gained mutation: Armour fits poorly on your strangely shaped body. [potion of mutation]
  2739 | D:5      | Lost mutation: Armour fits poorly on your strangely shaped body. [potion of mutation]
  2739 | D:5      | Gained mutation: You are somewhat resistant to further mutation. [potion of mutation]
  2740 | D:5      | Gained mutation: You can translocate small distances at will. [potion of mutation]
  2829 | D:5      | Reached XP level 8. HP: 59/68 MP: 8/8
  3061 | D:5      | Found a staircase to the Ecumenical Temple.
  3101 | Temple   | Entered the Ecumenical Temple
  3488 | D:6      | Reached skill level 10 in Axes
  3840 | D:6      | Reached skill level 5 in Fighting
  4003 | D:6      | Received a gift from Trog
  4971 | D:7      | Gained mutation: You passively map the area around you. [Deep Dwarf growth]
  4971 | D:7      | Reached XP level 9. HP: 70/85 MP: 9/9
  5779 | D:8      | Found a shattered altar of Ashenzari.
  5881 | D:8      | Noticed Joseph
  5894 | D:8      | Killed Joseph
  5975 | D:8      | Noticed Baka's ghost (experienced GrFi)
  5992 | D:8      | Killed Baka's ghost
  5992 | D:8      | Reached skill level 10 in Fighting
  5992 | D:8      | Reached XP level 10. HP: 102/102 MP: 10/10
  6340 | D:9      | Reached skill level 11 in Axes
  6812 | D:9      | Got a steaming leather armour
  6910 | D:9      | Reached skill level 12 in Axes
  7049 | D:9      | Received a gift from Trog
  7133 | D:9      | Got a pitted ring mail
  7218 | D:9      | Found a staircase to the Lair.
  7555 | Lair:1   | Entered Level 1 of the Lair of Beasts
  7632 | Lair:1   | Reached skill level 13 in Axes
  7704 | Lair:1   | Noticed a six-headed hydra
  7718 | Lair:1   | Killed a one-headed hydra
  7786 | Lair:1   | Reached XP level 11. HP: 29/108 MP: 11/11
  7940 | Lair:1   | Reached skill level 14 in Axes
  8156 | Lair:1   | Noticed a four-headed hydra
  8170 | Lair:1   | Killed a one-headed hydra
  8170 | Lair:1   | Reached skill level 5 in Armour
  8220 | Lair:1   | HP: 3/108 [porcupine's spines (12)]
  9573 | Lair:2   | Reached skill level 10 in Armour
  9710 | Lair:3   | Found a staircase to the Shoals.
  9743 | Lair:3   | Reached XP level 12. HP: 74/116 MP: 12/12
  9915 | Lair:3   | Identified the cursed +0 ring mail of Ugiyg {Slay+3} (You found it on level 9 of the Dungeon)
  9916 | Lair:3   | Identified the +1 leather armour "Sealay" {rC- MR+++ Str-4 SInv} (You took it off a hobgoblin on level 9 of the Dungeon)
 10199 | Lair:3   | Reached skill level 15 in Axes
 10292 | Lair:3   | Found a runed door.
 10298 | Lair:3   | Noticed a five-headed hydra
 10312 | Lair:3   | Killed a one-headed hydra
 10537 | Lair:3   | Got an ichor-stained cloak
 10563 | Lair:3   | Identified the +3 cloak "Dekiule" {+Fly rPois Str+2 Dex-2} (You found it on level 3 of the Lair of Beasts)
 10655 | Lair:4   | Found a frozen archway.
 10664 | IceCv    | Entered an ice cave
 10668 | IceCv    | Slain by a wolf spider simulacrum

Vault maps used:
D:1:      evilmike_arrival_crescent
D:2:      lemuel_statue_altar, uniq_terence
D:3:      first_bread, minmay_surrounded, uniq_jessica
D:5:      lemuel_temple_firewalk_marked, due_unseen_surprise
D:8:      nicolae_ashenzari_panopticon, hangedman_little_slice_of_home,
          uniq_joseph
D:9:      erik_lair_dragon, grunt_ministairs_7
Temple:   kilobyte_greek_temple_18
Lair:2:   small_statue_intersection, lemuel_fruit_fields
Lair:3:   minmay_lair_oklob_items, elwin_shoals_entry_stream, pf_torpor_hydra
Lair:4:   portal_ice_cave_entry_pillars_02, bh_autumn_forest_stairs
IceCv:    ice_cave_small_necro

Action                   |  1- 3 |  4- 6 |  7- 9 | 10-12 || total
-------------------------+-------+-------+-------+-------++-------
Melee: Hand axe          |    87 |   172 |   424 |   810 ||  1493
Invok: Berserk           |     2 |     3 |     6 |    15 ||    26
       Trog's Hand       |       |     4 |    11 |    40 ||    55
       Burn Spellbooks   |       |       |     1 |       ||     1
Evoke: Wand              |     1 |     1 |     3 |     7 ||    12
  Use: Scroll            |       |     8 |    11 |     9 ||    28
       Potion            |       |       |     3 |    10 ||    13
 Stab: Confused          |       |       |       |     4 ||     4
       Invisible         |       |       |       |     2 ||     2
  Eat: Chunk             |     1 |     6 |    21 |    28 ||    56
       Royal jelly       |       |     1 |       |     2 ||     3
       Fruit             |       |       |     3 |     7 ||    10
       Pizza             |       |       |       |     2 ||     2
